 Dungeon Crawl Stone Soup version 0.19-a0-1071-g4ed3155 (webtiles) character file.

15055 Gagarin the Grappler (level 11, -6/111 HPs)
             Began as a Troll Monk on Aug 5, 2016.
             Mangled by a blink frog (9 damage)
             ... led by Prince Ribbit
             ... on level 3 of the Lair of Beasts.
             The game lasted 00:33:12 (10754 turns).

Gagarin the Grappler (Troll Monk)                  Turns: 10754, Time: 00:33:12

Health: -6/111     AC:  6    Str: 26    XL:     11   Next: 96%
Magic:  11/11      EV: 15    Int:  6    God:
Gold:   306        SH:  0    Dex: 15    Spells: 0 memorised, 10 levels left

rFire  . . .     SeeInvis .       - Unarmed
rCold  . . .     Gourm    +     g - +0 animal skin
rNeg   . . .     Faith    .     (no shield)
rPois  .         Spirit   .     (helmet restricted)
rElec  .         Dismiss  .     t - +0 cloak
rCorr  .         Reflect  .     (gloves unavailable)
SustAt .         Harm     .     (boots unavailable)
MR     +....                    P - amulet of rage
Stlth  ++........               h - ring of protection from magic
                                d - +5 ring of strength

@: lethally poisoned (-6 -> -10), slowed, very slow
A: unfitting armour, claws 3, fast metabolism 3, gourmand, regeneration 2,
shaggy fur 1, tough skin 2
a: Evoke Berserk Rage


You were on level 3 of the Lair of Beasts.
You were very full.

You visited 3 branches of the dungeon, and saw 14 of its levels.

You collected 635 gold pieces.
You spent 329 gold pieces at shops.

Inventory:

Hand Weapons
 G - a +0 blowgun
 U - the +1 whip of Experimentation {vamp, rN+ Str+3 Int+2 Dex+7}
   (You found it on level 10 of the Dungeon)

   It inflicts no extra harm, but heals its wielder somewhat when it strikes a
   living foe.
   It affects your strength (+3).
   It affects your intelligence (+2).
   It affects your dexterity (+7).
   It protects you from negative energy.
Missiles
 m - 56 poisoned needles
 u - 4 javelins (quivered)
 E - 3 tomahawks
 M - 7 poisoned tomahawks
Armour
 g - a +0 animal skin (worn)
 t - a +0 cloak (worn)
Jewellery
 d - a +5 ring of strength (left claw)
 h - a ring of protection from magic (right claw)
 F - a +2 ring of evasion {unknown}
 K - an uncursed amulet of harm
 P - an amulet of rage (around neck)
 W - an uncursed ring of protection from fire {unknown}
Wands
 j - a wand of slowing (28/48)
 q - a wand of enslavement (6/24)
 Q - a wand of teleportation (3/9)
 V - a wand of paralysis (15/24)
 X - a wand of random effects (31/48)
Scrolls
 e - 5 scrolls of enchant armour {unknown}
 f - 4 scrolls of amnesia {unknown}
 k - 3 scrolls of magic mapping {unknown}
 n - 4 scrolls of remove curse
 o - 6 scrolls of identify
 r - 2 scrolls of enchant weapon {unknown}
 y - a scroll of teleportation {unknown}
 D - a scroll of fog {unknown}
 J - 3 scrolls of immolation {unknown}
 S - a scroll of recharging {unknown}
Potions
 l - 4 potions of might {unknown}
 s - 2 potions of flight {unknown}
 v - 2 potions of cure mutation {unknown}
 w - 5 potions of curing
 x - a potion of magic {unknown}
 z - a potion of berserk rage {unknown}
 A - a potion of lignification {unknown}
 B - 2 potions of invisibility {unknown}
 C - 3 potions of ambrosia {unknown}
 I - 2 potions of brilliance {unknown}
 N - a potion of agility {unknown}
Books
 L - a book of Spatial Translocations

   Spells                             Type                      Level
   a - Apportation                    Translocation                1
   b - Blink                          Translocation                2
   c - Shroud of Golubria             Charms/Translocation         2
   d - Portal Projectile              Translocation                3
   e - Teleport Other                 Translocation                3
   f - Passage of Golubria            Translocation                4
 O - a book of Burglary

   Spells                             Type                      Level
   a - Swiftness                      Charms/Air                   2
   b - Passwall                       Transmutation/Earth          2
   c - Passage of Golubria            Translocation                4
   d - Lee's Rapid Deconstruction     Earth                        5
   e - Darkness                       Hexes                        6
   f - Invisibility                   Hexes                        6
 T - a book of Burglary

   Spells                             Type                      Level
   a - Swiftness                      Charms/Air                   2
   b - Passwall                       Transmutation/Earth          2
   c - Passage of Golubria            Translocation                4
   d - Lee's Rapid Deconstruction     Earth                        5
   e - Darkness                       Hexes                        6
   f - Invisibility                   Hexes                        6
Comestibles
 b - 10 bread rations
 c - a royal jelly
 i - 8 fruits
 p - 4 meat rations
 H - 10 slices of pizza
 R - 2 beef jerkies


   Skills:
 + Level 7.9 Fighting
 + Level 6.2 Throwing
 + Level 9.2 Dodging
 + Level 4.3 Stealth
 + Level 10.6 Unarmed Combat
 + Level 2.0 Evocations


You had 10 spell levels left.
You didn't know any spells.

Dungeon Overview and Level Annotations

Branches:
Dungeon (10/15)            Temple (1/1) D:4            Lair (3/6) D:10
  Swamp: Lair:2-4    Shoals: Lair:2-4     Snake: Lair:2-4    Spider: Lair:2-4
    Orc: D:9-12

Altars:
Ashenzari
Cheibriados
Dithmenos
Elyvilon
Fedhas
Gozag
Hepliaklqana
Kikubaaqudgha
Makhleb
Nemelex Xobeh
Okawaru
Pakellas
Qazlal
Ru
Sif Muna
Trog
Uskayaw
Vehumet
Xom
Yredelemnul
Zin
The Shining One

Shops:
D:3 }   D:7 }!}%:   D:8 ?   D:9 *

Annotations:
D:5 1 runed door
Lair:3 Prince Ribbit


Innate Abilities, Weirdness & Mutations

You are too large for most types of armour.
You have claws for hands.
Your metabolism is lightning-fast.
You like to eat raw meat.
You heal very quickly.
You are covered in fur. (AC +1)
You have very tough skin. (AC +2)


Message History

You feel much better.
You feel sick. The blink frog hits you!
The blink frog blinks!
The water moccasin completely misses you.
The blink frog hits you! The water moccasin bites you.
* * * LOW HITPOINT WARNING * * *
You are more poisoned.
The water moccasin poisons you!
You fail to use your ability.
You hear the faint crackling of a very distant melting archway.
You feel sick. The blink frog hits you!
* * * LOW HITPOINT WARNING * * *
The water moccasin bites you.
* * * LOW HITPOINT WARNING * * *
The blink frog hits you!
* * * LOW HITPOINT WARNING * * *
The water moccasin misses you.
You fail to use your ability.
* * * LOW HITPOINT WARNING * * *
You feel sick.
The blink frog blinks!
The blink frog hits you!
You die...

... ... .. .?.
.. .. #.## ..
#...##.
..##.....
.......F.# .
... ##@# ...
.....##S##.....
.....§Yw.YS....
......YY..>Y...
...........Y...
.......).......
...........Y...
..#.##.###.....
...# .. .....


You could see a torpor snail, a blink frog, a water moccasin and 3 sheep.

Vanquished Creatures
  The ghost of crawlian the Destroyer, a journeyman DEFE of Sif Muna (Lair:2)
  The ghost of skk the Covert, a novice OpEn of Dithmenos (D:8)
  5 spiny frogs
  Psyche (D:9)
  A rime drake (Lair:2)
  4 komodo dragons
  2 two-headed ogres (D:9)
  Grinder (D:6)
  6 blink frogs
  Sigmund (D:2)
  A spriggan (D:8)
  A wraith (D:10)
  20 yaks
  6 hippogriffs
  5 porcupines
  2 water moccasins
  A phantom (D:8)
  5 sky beasts
  2 necrophages (D:9)
  6 centaurs
  2 ogres
  7 crocodiles
  3 big kobolds
  7 giant frogs
  Blork the orc (D:4)
  A water moccasin skeleton (D:9)
  3 scorpions
  3 wights (D:9)
  4 howler monkeys
  A giant frog zombie (D:10)
  2 jellies
  8 hounds
  Crazy Yiuf (D:4)
  5 orc priests
  2 centaur skeletons
  Ijyb (D:2)
  5 iguanas
  5 orc wizards
  6 worker ants
  A sheep (Lair:3)
  2 hound zombies
  A hound skeleton (D:6)
  Robin (D:2)
  7 adders
  A shadow imp (D:7)
  An ooze (D:2)
  3 adder skeletons
  6 worms
  A giant gecko (D:6)
  22 orcs
  5 bats
  9 giant cockroaches
  10 goblins
  8 hobgoblins
  5 jackals
  15 kobolds
  4 quokkas
  3 ball pythons
  8 giant newts
  A kobold skeleton (D:5)
  A quokka skeleton (D:7)
  16 rats
270 creatures vanquished.

Vanquished Creatures (others)
  2 plants
2 creatures vanquished.

Grand Total: 272 creatures vanquished

Notes
Turn   | Place    | Note
-------+----------+-------------------------------------------
     0 | D:1      | Gagarin the Troll Monk began the quest for the Orb.
     0 | D:1      | Reached XP level 1. HP: 22/22 MP: 0/0
   384 | D:1      | Reached XP level 2. HP: 27/29 MP: 1/1
  1022 | D:2      | Noticed Ijyb
  1030 | D:2      | Killed Ijyb
  1030 | D:2      | Reached XP level 3. HP: 31/36 MP: 2/2
  1050 | D:2      | Noticed Robin
  1086 | D:2      | Killed Robin
  1086 | D:2      | Reached XP level 4. HP: 23/45 MP: 3/3
  1359 | D:2      | Reached skill level 4 in Unarmed Combat
  1593 | D:2      | Noticed Sigmund
  1645 | D:3      | Reached XP level 5. HP: 43/53 MP: 4/4
  1742 | D:3      | Found a deep blue altar of Sif Muna.
  2178 | D:3      | Found an oddly glowing altar of Pakellas.
  2178 | D:3      | Found Pakellas's Prime Provisions.
  2228 | D:4      | Found a runed door.
  2278 | D:4      | Reached skill level 1 in Throwing
  2300 | D:4      | Found a shattered altar of Ashenzari.
  2336 | D:4      | Noticed an ogre
  2350 | D:4      | Killed an ogre
  2350 | D:4      | Reached XP level 6. HP: 14/61 MP: 5/5
  2688 | D:4      | Noticed Blork the orc
  2739 | D:4      | Killed Blork the orc
  2929 | D:4      | Reached skill level 5 in Unarmed Combat
  2989 | D:4      | Noticed a moth of wrath
  2992 | D:4      | Found a bloodstained altar of Trog.
  3121 | D:4      | Found a staircase to the Ecumenical Temple.
  3126 | Temple   | Entered the Ecumenical Temple
  3434 | D:4      | Reached XP level 7. HP: 67/67 MP: 6/6
  3616 | D:4      | Noticed Crazy Yiuf
  3624 | D:4      | Killed Crazy Yiuf
  3891 | D:2      | Killed Sigmund
  3990 | D:5      | Entered Level 5 of the Dungeon
  4006 | D:5      | Found a hide-covered altar of Uskayaw.
  4055 | D:5      | Found a runed door.
  4055 | D:5      | Noticed a human
  4065 | D:5      | Found a basalt altar of Yredelemnul.
  4416 | D:5      | Found a blossoming altar of Fedhas.
  4428 | D:5      | Found a radiant altar of Vehumet.
  4430 | D:5      | Found an ancient bone altar of Kikubaaqudgha.
  4469 | D:6      | Reached XP level 8. HP: 78/78 MP: 7/7
  4504 | D:6      | Reached skill level 5 in Dodging
  4692 | D:6      | Reached skill level 6 in Unarmed Combat
  4738 | D:6      | Found a stormy altar of Qazlal.
  4738 | D:6      | Found a hazy altar of Hepliaklqana.
  4787 | D:6      | Found a blossoming altar of Fedhas.
  4965 | D:6      | Noticed Grinder
  4969 | D:6      | Killed Grinder
  5231 | D:7      | Found Beeffis's Food Emporium.
  5375 | D:7      | Found Xoggeck's Gadget Shop.
  5463 | D:7      | Reached XP level 9. HP: 47/87 MP: 8/8
  5464 | D:7      | Reached skill level 7 in Unarmed Combat
  5592 | D:7      | Found Puog's Book Emporium.
  5777 | D:7      | Found Jodiluut's Distillery.
  5821 | D:7      | Bought a potion of curing for 39 gold pieces
  5821 | D:7      | Bought a potion of heal wounds for 65 gold pieces
  5821 | D:7      | Bought a potion of degeneration for 13 gold pieces
  5834 | D:7      | Found Becvyisa's Gadget Boutique.
  6205 | D:8      | Found a shimmering altar of Xom.
  6266 | D:8      | Reached skill level 5 in Fighting
  6355 | D:8      | Found Zejaeh's Magic Scroll Shoppe.
  6363 | D:8      | Bought a scroll of remove curse for 42 gold pieces
  6363 | D:8      | Bought a scroll of blinking for 105 gold pieces
  6463 | D:8      | Found a sparkling altar of Nemelex Xobeh.
  6608 | D:8      | Noticed skk's ghost (novice OpEn)
  6632 | D:8      | Killed skk's ghost
  7154 | D:9      | Noticed Psyche
  7171 | D:9      | Killed Psyche
  7171 | D:9      | Reached XP level 10. HP: 92/96 MP: 9/9
  7199 | D:9      | Reached skill level 5 in Throwing
  7199 | D:9      | Reached skill level 8 in Unarmed Combat
  7257 | D:9      | Found a shadowy altar of Dithmenos.
  7575 | D:9      | Reached skill level 1 in Evocations
  7877 | D:9      | Found Ybiepn's General Store.
  7886 | D:9      | Bought a potion of heal wounds for 65 gold pieces
  8017 | D:9      | Reached skill level 9 in Unarmed Combat
  8153 | D:10     | Entered Level 10 of the Dungeon
  8177 | D:10     | Got a transparent whip
  8324 | D:10     | Found a burning altar of Makhleb.
  8324 | D:10     | Noticed a green death
  8425 | D:10     | Found a staircase to the Lair.
  8493 | Lair:1   | Entered Level 1 of the Lair of Beasts
  8512 | Lair:1   | Reached XP level 11. HP: 86/107 MP: 10/10
  8513 | Lair:1   | Identified the +1 whip of Experimentation {vamp, rN+ Str+3 Int+2 Dex+7} (You found it on level 10 of the Dungeon)
  9608 | Lair:1   | Reached skill level 10 in Unarmed Combat
  9881 | Lair:2   | Noticed crawlian's ghost (journeyman DEFE)
  9909 | Lair:2   | Killed crawlian's ghost
 10137 | Lair:2   | Noticed an eight-headed hydra
 10722 | Lair:3   | Noticed a six-headed hydra
 10739 | Lair:3   | Noticed Prince Ribbit
 10753 | Lair:3   | HP: 4/111 [blink frog[Prince Ribbit] (12)]
 10754 | Lair:3   | Mangled by a blink frog

Vault maps used:
D:1:      onia_arrival_mini_maze_b, serial_glass, glass_columns_b,
          glass_columns_a, grunt_decor_mini_mirrors, minmay_strange_pillars,
          moated_statue
D:2:      first_bread, uniq_sigmund, uniq_robin, uniq_iyjb
D:3:      overflow_temple_1_default, johnstein_pakellas_shop
D:4:      nicolae_ashenzari_panopticon, tgw_trog, uniq_crazy_yiuf_cottage,
          uniq_blork_the_orc
D:5:      eat_drink_and_be_merry_uskayaw, grunt_temple_overflow_open,
          dk_yredelemnul_ordeal
D:6:      gammafunk_temple_overflow_elements, minmay_misc_feat_doors,
          fedhas_altar_3, uniq_grinder
D:7:      serial_shops, shop, shop, nicolae_shop_statue_plus, shop,
          shop_fountains, minmay_misc_feat_tower
D:8:      lemuel_round_altar, lemuel_doored_altar, serial_shops, shop_statue,
          minmay_misc_feat_tiny, grunt_pizzeria, grunt_ministairs_13,
          hangedman_decor_riveting
D:9:      nicolae_dithmenos_through_a_glass_darkly, serial_shops, shop,
          uniq_psyche
D:10:     lemuel_insect_pit, david_lair_shrubbed, minmay_misc_feat_more_columns,
          makhleb_altar_promises_db
Temple:   dpeg_chambers_temple
Lair:1:   infiniplex_staircase_pool
Lair:2:   nicolae_spider_entry_orb_guardian, grunt_megastairs_2
Lair:3:   portal_ice_cave_entry_pillars_2, uniq_prince_ribbit2

Skill      XL: |  1  2  3  4  5  6  7  8  9 10 11 |
---------------+----------------------------------+-----
Fighting       | 3 4 5 6 7 |  7.9
Unarmed Combat | 4 5 6 7 9 10 | 10.6
Dodging        | 3 4 5 7 8 9 |  9.2
Throwing       | 1 2 3 4 5 6 |  6.2
Stealth        | 2 3 4 |  4.3
Evocations     | 1 2 |  2.0

Action                   |  1- 3 |  4- 6 |  7- 9 | 10-12 || total
-------------------------+-------+-------+-------+-------++-------
Melee: Unarmed           |    72 |   178 |   249 |   375 ||   874
       Punch             |     1 |     2 |     8 |    22 ||    33
 Fire: Blowgun           |       |       |    27 |    35 ||    62
Throw: Stone             |     9 |    64 |       |       ||    73
       Javelin           |       |    11 |     9 |       ||    20
 Abil: Evoke Berserk Rag |       |       |     1 |     5 ||     6
Evoke: Wand              |       |       |       |     1 ||     1
  Use: Scroll            |       |       |     1 |     2 ||     3
       Potion            |       |       |       |     5 ||     5
 Stab: Sleeping          |     1 |     1 |     7 |     1 ||    10
       Distracted        |       |       |     1 |     3 ||     4
  Eat: Chunk             |    13 |    23 |    33 |    43 ||   112
Armor: Robe              |    19 |       |       |       ||    19
       Animal skin       |       |    49 |    53 |    50 ||   152
Dodge: Dodged            |    31 |    98 |   112 |   221 ||   462
